 Dungeon Crawl Stone Soup version 0.23-a0-814-g91b4073 (webtiles) character file.

7 tidbits the Magician (level 2, 11/34 HPs)
             Began as a Gnoll Wanderer on Jan 21, 2019.
             Quit the game on level 1 of the Dungeon.
             The game lasted 00:02:31 (189 turns).

tidbits the Magician (Gnoll Wanderer)                Turns: 189, Time: 00:02:32

Health: 11/34      AC: 21    Str: 14    XL:     2   Next: 4%
Magic:  7/7        EV:  2    Int: 12    God:
Gold:   0          SH:  0    Dex: 16    Spells: 7/10 levels left

rFire    . . .     SeeInvis .   (no weapon)
rCold    . . .     Gourm    .   (no shield)
rNeg     + + +     Faith    .   (armour currently unavailable)
rPois    +         Spirit   .   (helmet currently unavailable)
rElec    .         Reflect  .   (cloak currently unavailable)
rCorr    .         Harm     .   (gloves currently unavailable)
MR       .....     NoTele   +   (boots currently unavailable)
Stlth    +++.......             (no amulet)
HPRegen  0.11/turn              (no ring)
MPRegen  0.10/turn              (no ring)

@: tree-form
A: distributed training, strong nose
a: no special abilities


You were on level 1 of the Dungeon.
You were not hungry.
You were a tree.
You visited 1 branch of the dungeon, and saw 2 of its levels.

Inventory:

Hand Weapons
 a - a +0 dagger
Missiles
 b - 18 stones (quivered)
 d - 14 poisoned needles
Armour
 B - a +0 robe (melded)
Magical Staves
 e - an uncursed staff of death
   (You found it on level 2 of the Dungeon)
Scrolls
 t - a scroll of teleportation
Comestibles
 f - 2 rations


   Skills:
 + Level 2.4 Fighting
 + Level 0.2 Short Blades
 + Level 0.2 Long Blades
 + Level 0.2 Axes
 + Level 0.2 Maces & Flails
 + Level 0.2 Polearms
 + Level 2.4 Staves
 + Level 0.2 Slings
 + Level 0.2 Bows
 + Level 0.2 Crossbows
 + Level 0.2 Throwing
 + Level 0.2 Armour
 + Level 0.2 Dodging
 + Level 4.0 Stealth
 + Level 2.4 Shields
 + Level 0.2 Unarmed Combat
 + Level 4.9 Spellcasting
 + Level 0.1 Conjurations
 + Level 0.1 Hexes
 + Level 0.1 Charms
 + Level 0.1 Summonings
 + Level 0.1 Necromancy
 + Level 3.6 Translocations
 + Level 0.1 Transmutations
 + Level 0.1 Fire Magic
 + Level 0.1 Ice Magic
 + Level 0.1 Air Magic
 + Level 0.1 Earth Magic
 + Level 2.0 Poison Magic
 + Level 0.3 Invocations
 + Level 0.2 Evocations


You had 7 spell levels left.
You knew the following spells:

 Your Spells              Type           Power        Failure   Level  Hunger
a - Sting                 Conj/Pois      #...         13%         1    None
b - Poisonous Vapours     Pois/Air       #.....       21%         2    ##.....

Your spell library contained the following spells:

 Spells                   Type           Power        Failure   Level  Hunger
 Mephitic Cloud           Conj/Pois/Air  #.......     41%         3    ###....
 Olgreb's Toxic Radiance  Pois           #.......     65%         4    ####...
 Venom Bolt               Conj/Pois      #.........   98%         5    ######.


Dungeon Overview and Level Annotations

Branches:
Dungeon (2/15)

Altars:
Trog


Innate Abilities, Weirdness & Mutations

Your experience applies equally to all skills.
((You have very sharp teeth.))
Your uncanny sense of smell can sniff out nearby items.


Message History

Unknown command.
Found a twisted smoking staff.
Unknown command.
You see here a twisted smoking staff.
e - a twisted smoking staff Wield which item (- for none, * to show all)? (? for menu, Esc to quit)
e - an uncursed staff of death (weapon)
Unknown command.
Adjust (i)tems, (s)pells, or (a)bilities?
Adjust which item? (? for menu, Esc to quit)
Okay, then.
Unknown command.
Wield which item (- for none, * to show all)? (? for menu, Esc to quit)
a - a +0 dagger (weapon)
Unknown command.
Unknown command.
Found a bloodstained altar of Trog.
Unknown command.
Found a stone staircase leading up.
There is a stone staircase leading up here.
You climb upwards.
There is a stone staircase leading down here.
Unknown command.
Unknown command.
Found a ring mail.
Unknown command.
A kobold comes into view. It is wielding a +0 short sword.
The kobold shouts!
A rat comes into view.
Unknown command.
Unknown command.
A hobgoblin comes into view. It is wielding a +0 club.
Unknown command.
Throwing (i - inventory)
b - 21 stones (quivered)
Press: ? - help, Shift-Dir - straight line, f - hobgoblin
Aim: a hobgoblin, wielding a +0 club (hasn't noticed you)
You throw a stone. The hobgoblin shouts!
The stone hits the hobgoblin.
The hobgoblin is moderately wounded.
A bat comes into view.
The bat moves out of view.
Throwing (i - inventory)
b - 20 stones (quivered)
Press: ? - help, Shift-Dir - straight line, f - kobold, p - hobgoblin
Aim: a kobold, wielding a +0 short sword You throw a stone.
The stone closely misses the hobgoblin.
The stone hits the kobold but does no damage.
Throwing (i - inventory)
b - 19 stones (quivered)
Press: ? - help, Shift-Dir - straight line, f - rat, p - kobold
Aim: a rat You throw a stone.
The stone barely misses the hobgoblin.
The stone hits the kobold but does no damage.
Unknown command.
You barely miss the hobgoblin.
The hobgoblin is moderately wounded.
The hobgoblin hits you but does no damage.
You hit the hobgoblin.
The hobgoblin is almost dead.
The hobgoblin hits you with a +0 club.
You hit the hobgoblin.
You kill the hobgoblin!
Your Poison Magic skill increases to level 2!
You hit the kobold but do no damage. You bite the kobold, but do no damage.
The kobold hits you with a +0 short sword.
* * * LOW HITPOINT WARNING * * *
You barely miss the kobold. The kobold barely misses you.
You hit the kobold.
The kobold is moderately wounded.
The kobold hits you with a +0 short sword.
* * * LOW HITPOINT WARNING * * *
You closely miss the kobold.
The kobold is moderately wounded.
The kobold hits you with a +0 short sword.
* * * LOW HITPOINT WARNING * * *
You closely miss the kobold. You bite the kobold, but do no damage.
The kobold is moderately wounded.
The kobold misses you.
You turn into a tree.
Your +0 robe melds into your body.
Your roots penetrate the ground.
The kobold hits you but does no damage.
Unknown command.
Wield which item (- for none, * to show all)? (? for menu, Esc to quit)
You are now empty-handed.
Unknown command.
Really attack barehanded? [Y]es or [N]o only, please.
Really attack barehanded?
You smack the kobold!
You kill the kobold!
You have reached level 2!
The rat bites you but does no damage.
You smack the rat!
You kill the rat!
Memorise Poisonous Vapours, consuming 2 spell levels and leaving 7?
You start memorising the spell.
You continue memorising. x2
You finish memorising.
Spell assigned to 'b'.
Adjust (i)tems, (s)pells, or (a)bilities?
Adjust which spell?
Okay, then.
Unknown command.
Are you sure you want to abandon this character and quit the game? (Confirm with "yes".)

. .. ... ###
(... #..
.....
#.###(.[...
#...r......
#)#########
#♣#
#####.#######
#....>.......
#.###########
∆


There were no monsters in sight!

Vanquished Creatures
  A leopard gecko (D:1)
  2 hobgoblins (D:1)
  A kobold (D:1)
  A bat (D:1)
  A rat (D:1)
6 creatures vanquished.

Notes
Turn   | Place    | Note
-------+----------+-------------------------------------------
     0 | D:1      | tidbits the Gnoll Wanderer began the quest for the Orb.
     0 | D:1      | tidbits set off with the following items: a scroll of
                  | teleportation, a potion of lignification, a +0 robe, a +0
                  | dagger, a ration; and the following spell memorised: Sting;
                  | and the following spells available to memorise: Poisonous
                  | Vapours, Mephitic Cloud, Olgreb's Toxic Radiance, Venom
                  | Bolt
     0 | D:1      | Reached XP level 1. HP: 17/17 MP: 6/6
   151 | D:2      | Found a bloodstained altar of Trog.
   176 | D:1      | Reached skill level 2 in Poison Magic
   184 | D:1      | Reached XP level 2. HP: 10/23 MP: 7/7
   189 | D:1      | Learned a level 2 spell: Poisonous Vapours
   189 | D:1      | Quit the game

Vault maps used:
D:1:      tarquinn_simple_flora_water_d, palyth_stone_intersect,
          minmay_misc_feat_roman, corexii_item_surrounded_by_moat,
          minmay_tromino_v2
D:2:      lemuel_crystal_altar, first_ration, minmay_fountain_box

Skill      XL: |  1 |
---------------+----+-----
Poison Magic   | 2 |  2.0
Fighting       | |  2.4
Short Blades   | |  0.2
Long Blades    | |  0.2
Axes           | |  0.2
Maces & Flails | |  0.2
Polearms       | |  0.2
Staves         | |  2.4
Slings         | |  0.2
Bows           | |  0.2
Crossbows      | |  0.2
Throwing       | |  0.2
Armour         | |  0.2
Dodging        | |  0.2
Stealth        | |  4.0
Shields        | |  2.4
Unarmed Combat | |  0.2
Spellcasting   | |  4.9
Conjurations   | |  0.1
Hexes          | |  0.1
Charms         | |  0.1
Summonings     | |  0.1
Necromancy     | |  0.1
Translocations | |  3.6
Transmutations | |  0.1
Fire Magic     | |  0.1
Ice Magic      | |  0.1
Air Magic      | |  0.1
Earth Magic    | |  0.1
Invocations    | |  0.3
Evocations     | |  0.2

Action                   || total
-------------------------++-------
Melee: Dagger            ||    36
       Bite              ||     4
       Unarmed           ||     2
Throw: Stone             ||     3
  Use: Potion            ||     1
Armor: Robe              ||     5
       Skin              ||     2
Dodge: Dodged            ||    23

Table legend:
 A = Non-vault XP
 B = Vault XP
 C = Vault XP percentage of total XP
 D = Non-vault monster count
 E = Vault monster count
 F = Vault count percentage of total count
                 A         B        C        D         E       F
            +---------+---------+-------+---------+---------+-------
      Total |      11 |       0 |   0.0 |       6 |       0 |   0.0
            +---------+---------+-------+---------+---------+-------
        D:1 |      11 |       0 |   0.0 |       6 |       0 |   0.0
            +---------+---------+-------+---------+---------+-------

Table legend:
 A = Turns spent in this place as a percentage of turns spent in the entire game.
 B = Non-inter-level travel turns spent in this place as a percentage of non-inter-level travel turns spent in the entire game.
 C = Inter-level travel turns spent in this place as a percentage of turns spent in this place.
 D = Turns resting spent in this place as a percentage of non-inter-level travel turns spent in this place.
 E = Turns spent auto-exploring this place as a percentage of non-inter-level travel turns spent in this place.
 F = Non-inter-level travel turns spent in this place divided by the number of levels of this place that you've seen.
                   A       B       C       D       E      F
               +-------+-------+-------+-------+-------+----------------------
         Total | 100.0 | 100.0 |   0.0 |   0.0 |   0.0 |  94.5
       Dungeon | 100.0 | 100.0 |   0.0 |   0.0 |   0.0 |  94.5
               +-------+-------+-------+-------+-------+----------------------

Table legend:
 A = Kills in this place as a percentage of kills in entire the game.
 B = Kills by you in this place as a percentage of kills by you in the entire game.
 C = Kills by friends in this place as a percentage of kills by friends in the entire game.
 D = Other kills in this place as a percentage of other kills in the entire game.
 E = Experience gained in this place as a percentage of experience gained in the entire game.
 F = Experience gained in this place divided by the number of levels of this place that you have seen.
                   A       B       C       D       E      F
               +-------+-------+-------+-------+-------+----------------------
         Total | 100.0 | 100.0 |   N/A |   N/A | 100.0 |   5.5
       Dungeon | 100.0 | 100.0 |   N/A |   N/A | 100.0 |   5.5
               +-------+-------+-------+-------+-------+----------------------

Vault maps used:
D:1:      tarquinn_simple_flora_water_d, palyth_stone_intersect,
          minmay_misc_feat_roman, corexii_item_surrounded_by_moat,
          minmay_tromino_v2
D:2:      lemuel_crystal_altar, first_ration, minmay_fountain_box
